 Dungeon Crawl Stone Soup version 0.27-a0-679-g77a6b55cf3 (webtiles) character file.

Game seed: 13667564312912827921

46 Alarak the Chopper (level 3, -3/31 HPs)
             Began as a Hill Orc Fighter on Mar 18, 2021.
             Slain by Terence
             ... wielding a +0 morningstar
              (11 damage)
             ... on level 2 of the Dungeon.
             The game lasted 00:01:58 (1422 turns).

Alarak the Chopper (Hill Orc Fighter)               Turns: 1422, Time: 00:01:59

Health: -3/31      AC:  6    Str: 19    XL:     3   Next: 66%
Magic:  3/3        EV:  7    Int:  8    God:
Gold:   74         SH: 11    Dex: 10    Spells: 2/2 levels left

rFire    . . .     SeeInvis .   a - +0 war axe
rCold    . . .     Faith    .   l - +2 kite shield
rNeg     . . .     Spirit   .   b - +0 scale mail
rPois    .         Reflect  .   (no helmet)
rElec    .         Harm     .   (no cloak)
rCorr    .         Rampage  .   (no gloves)
Will     .....                  (no boots)
Stlth    ..........             (no amulet)
HPRegen  0.10/turn              (no ring)
MPRegen  0.08/turn              (no ring)

@: no status effects
A: no striking features
a: no special abilities


You were on level 2 of the Dungeon.
You visited 1 branch of the dungeon, and saw 2 of its levels.

You collected 74 gold pieces.

Inventory:

Hand Weapons
 a - a +0 war axe (weapon)
Armour
 b - a +0 scale mail (worn)
 c - a +0 kite shield
 l - a +2 kite shield (worn)
Scrolls
 e - a scroll of fear {unknown}
 f - a scroll of vulnerability {unknown}
 g - a scroll of brand weapon {unknown}
 h - 2 scrolls of random uselessness {unknown}
 i - a scroll of identify {unknown}
 k - a scroll of immolation {unknown}
Potions
 d - a potion of might
 j - a potion of curing {unknown}
 m - a potion of mutation {unknown}
 n - 2 potions of resistance {unknown}


   Skills:
 - Level 3.6 Fighting
 + Level 5.2 Axes
 - Level 3.2 Armour
 - Level 3.2 Shields


You had 2 spell levels left.
You didn't know any spells.
Your spell library was empty.

Dungeon Overview and Level Annotations

Branches:
Dungeon (2/15)

Altars:

Shops:
D:1 ??:?*   D:2 ?

Annotations:
D:2 Terence


Message History

Terence shouts!
Terence is nearby!
Terence is nearby!
Terence is nearby!
Terence is nearby!
You block Terence's attack.
You hit Terence but do no damage. Terence hits you with a +0 morningstar.
You slash Terence!
Terence is heavily wounded.
Terence closely misses you. Terence hits you with a +0 morningstar.
You hit Terence.
Terence is heavily wounded.
Terence barely misses you.
You closely miss Terence.
Terence is heavily wounded.
You block Terence's attack.
You hit Terence but do no damage.
Terence is heavily wounded.
Terence closely misses you. Terence hits you with a +0 morningstar.
You barely miss Terence.
Terence is heavily wounded.
Terence hits you with a +0 morningstar!
You closely miss Terence.
Terence is heavily wounded.
Terence hits you but does no damage. Terence hits you with a +0 morningstar!
You are too injured to fight recklessly!
You closely miss Terence.
Terence is heavily wounded.
You block Terence's attack.
You hit Terence but do no damage.
Terence is heavily wounded.
You block Terence's attack. Terence hits you with a +0 morningstar.
* * * LOW HITPOINT WARNING * * *
You slash Terence!
Terence is almost dead.
You block Terence's attack.
You hit Terence.
Terence is almost dead.
Terence hits you with a +0 morningstar!
You die...

#........##.#
##.#
#####.####..#
#.## #.#
#..## #..#
### #.# #.##
##.# #.. #.#
#.# #.# #..
#.# #.# #.#
#.. #.# #.#
#.. #.# #.#
#.. #@# #.##
#.. #@# #..#
#.. #.# ##.#
#.. #.# #.#
#.. #.#
##†###### #.#
#.<...# ..#
#(#.#.## .##
#......##
#..###..#


You could see Terence.

Vanquished Creatures
  An adder (D:2)
  An ooze (D:1)
  A worm (D:2)
  A dart slug (D:1)
  A leopard gecko (D:1)
  A ball python (D:2)
  4 bats
  A giant cockroach (D:2)
  2 goblins (D:2)
  3 hobgoblins (D:1)
  A frilled lizard (D:1)
  5 kobolds
  6 rats
28 creatures vanquished.

Vanquished Creatures (others)
  8 plants (D:1)
8 creatures vanquished.

Grand Total: 36 creatures vanquished

Notes
Turn   | Place    | Note
-------+----------+-------------------------------------------
     0 | D:1      | Alarak the Hill Orc Fighter began the quest for the Orb.
     0 | D:1      | Reached XP level 1. HP: 19/19 MP: 1/1
     7 | D:1      | Found Qaoliz's Magic Scroll Shop.
    57 | D:1      | Reached skill level 3 in Axes
    65 | D:1      | Found Ziloilonk's Book Shoppe.
    66 | D:1      | Found Unyckor's Magic Scroll Boutique.
   133 | D:1      | Reached XP level 2. HP: 26/26 MP: 2/2
   199 | D:1      | Found Hariduf's Magic Scroll Shoppe.
   335 | D:1      | Reached skill level 4 in Axes
   475 | D:1      | Found Tyace's General Store.
   789 | D:1      | Reached XP level 3. HP: 31/31 MP: 3/3
  1031 | D:2      | Reached skill level 5 in Axes
  1246 | D:2      | Found Jomacwast's Magic Scroll Emporium.
  1406 | D:2      | Noticed Terence
  1422 | D:2      | Slain by Terence

Illustrated notes

Levels and vault maps discovered:
D:1:      heliophobic_arrival_henge, layout_basic, serial_shops, shop_statue,
          shop, nicolae_shop_waterfront, shop, shop, minmay_misc_feat_chi,
          serial_bayou_lagoon_a
D:2:      layout_rooms, serial_shops, shop, serial_glass, glass_columns_a,
          glass_columns_a, nemelex_dance_club_becter, uniq_terence

Skill      XL: |  1  2  3 |
---------------+----------+-----
Axes           | 3 4 5 |  5.2
Fighting       | |  3.6
Armour         | |  3.2
Shields        | |  3.2

Action                   || total
-------------------------++-------
Melee: War axe           ||    87
Armor: Scale mail        ||    34
Dodge: Dodged            ||    17
Block: Kite shield       ||    46

Table legend: (Time is in decaauts)
 A = Elapsed time spent in this place.
 B = Non-inter-level travel time spent in this place.
 C = Inter-level travel time spent in this place.
 D = Time resting spent in this place.
 E = Time spent auto-exploring this place.
 F = Levels seen in this place.
 G = Mean time per level.
                   A        B        C        D        E       F      G
               +--------+--------+--------+--------+--------+-----+--------+
         Total |   1488 |   1426 |     62 |      0 |   1185 |   2 |  744.0 |
       Dungeon |   1488 |   1426 |     62 |      0 |   1185 |   2 |  744.0 |
               +--------+--------+--------+--------+--------+-----+--------+

Top non-repeatable levels by time:
     D:1: 959 daAuts
     D:2: 529 daAuts
